 Dungeon Crawl Stone Soup version 0.27.0-1-g7a089689b8 (webtiles) character file.

Game seed: 4425134187189910488

206464 SnakkuSnakku7 the Tortoise (level 19, -2/124 HPs)
             Began as a Gargoyle Berserker on Aug 11, 2021.
             Was the Champion of Trog.
             Killed from afar by a hell knight (7 damage)
             ... with a bolt of fire
             ... on level 3 of Gehenna.
             The game lasted 00:45:03 (21462 turns).

SnakkuSnakku7 the Tortoise (Gargoyle Berserker)    Turns: 21462, Time: 00:45:07

Health: -2/124     AC: 51    Str: 22    XL:     19   Next: 14%
Magic:  19/19      EV: 10    Int: 10    God:    Trog [******]
Gold:   1116       SH:  9    Dex: 12    Spells: 18/18 levels left

rFire    + . .     SeeInvis .   a - +6 broad axe (flame)
rCold    . . .     Faith    .   z - +2 buckler
rNeg     + . .     Spirit   .   w - +0 plate armour
rPois    ∞         Reflect  .   r - +2 helmet
rElec    +         Harm     .   f - +1 cloak
rCorr    .         Rampage  .   J - +2 pair of gloves
Will     +++..                  P - +2 pair of boots {Fly}
Stlth    ..........             j - amulet of regeneration
HPRegen  2.30/turn              N - ring of protection from fire
MPRegen  0.16/turn              K - +4 ring of protection

@: strong-willed, on berserk cooldown, flying, regenerating, slowed, very slow
A: sickness immunity, AC +14, big wings, negative energy resistance 1,
electricity resistance, torment resistance 1, petrification resistance, weak 1
a: Renounce Religion, Berserk, Trog's Hand, Brothers in Arms


You were on level 3 of Gehenna.
You worshipped Trog.
Trog was exalted by your worship.
You visited 4 branches of the dungeon, and saw 22 of its levels.
You visited the Abyss 1 time.
You also visited: Sewer and Ossuary.

You collected 2172 gold pieces.
You spent 1056 gold pieces at shops.

Inventory:

Hand Weapons
 a - a +6 broad axe of flaming (weapon)
 b - a +5 antimagic broad axe
Armour
 c - a +2 kite shield of poison resistance
 f - a +1 cloak (worn)
 r - a +2 helmet (worn)
 w - a +0 plate armour (worn)
 z - a +2 buckler (worn)
 J - a +2 pair of gloves (worn)
 P - a +2 pair of boots of flying (worn)
Jewellery
 j - an amulet of regeneration (around neck)
 D - a ring of willpower
 E - a +4 ring of evasion
 F - a ring of resist corrosion
 K - a +4 ring of protection (right hand)
 N - a ring of protection from fire (left hand)
Wands
 k - a wand of iceblast (10)
 s - a wand of flame (36)
 C - a wand of acid (21)
 L - a wand of polymorph (19)
 O - a wand of charming (10)
Scrolls
 e - a scroll of summoning
 g - 5 scrolls of teleportation
 h - a scroll of identify
 m - 4 scrolls of magic mapping
 n - 4 scrolls of fear
 A - a scroll of brand weapon
 I - a scroll of fog
Potions
 d - 5 potions of magic
 i - 2 potions of lignification
 l - 10 potions of curing
 o - a potion of attraction
 p - 3 potions of mutation
 q - 6 potions of berserk rage
 t - 3 potions of haste
 u - 4 potions of might
 v - 7 potions of resistance
 G - 2 potions of ambrosia
 H - a potion of invisibility
 R - a potion of cancellation
Miscellaneous
 x - the horn of Geryon
 y - a condenser vane


   Skills:
 - Level 15.3 Fighting
 - Level 18.0 Axes
 - Level 18.9 Armour
 - Level 6.0 Dodging
 + Level 13.1 Shields
 - Level 10.0 Evocations


You had 18 spell levels left.
You didn't know any spells.
Your spell library was empty.

Dungeon Overview and Level Annotations

Branches:
Dungeon (15/15)            Temple (0/1) D:4            Lair (0/6) D:10
    Orc (0/2) D:12         Vaults (0/5) D:13         Depths (3/5) D:15
   Hell (visited)             Geh (3/7) Hell          Sewer (visited)
Ossuary (visited)
    Dis: Hell:1         Coc: Hell:1         Tar: Hell:1

Altars:
Elyvilon
Gozag
Hepliaklqana
Kikubaaqudgha
Nemelex Xobeh
Okawaru
Qazlal
Ru
Sif Muna
Uskayaw
Wu Jian
Xom
The Shining One
Jiyva

Shops:
D:3 (::==   D:9 ?([   D:11 *

Portals:
Hell: Depths:1 Depths:2 Depths:3
Pandemonium: Depths:3


Innate Abilities, Weirdness & Mutations

You are immune to sickness and miasma.
Your stone body is resilient. (AC +14)
You are immune to poison.
Your large and strong wings let you fly.
You resist negative energy. (rN+)
You are resistant to electric shocks. (rElec)
You are resistant to unholy torment.
You are immune to petrification.
You are weak. (Str -2)


Message History

Unknown command.
The hell hog bites you!
* * * LOW HITPOINT WARNING * * *
An anaconda skeleton comes into view.
Unknown command.
You feel a strong urge to attack something.
The hell hog bites you.
* * * LOW HITPOINT WARNING * * *
Something frightening happens.
Unknown command.
Unknown command.
You feel your anger nearly subside.
You are no longer berserk.
You are exhausted.
You feel yourself slow down.
Your skin crawls.
You feel strong-willed.
The hell hog bites you but does no damage.
The hell hog breathes fire at you.
The fireball explodes!
The fireball engulfs you but does no damage.
The fireball engulfs the hell hog!
The hell hog resists.
The hell hog breathes fire at you.
The fireball explodes!
The fireball engulfs the hell hog!
The hell hog resists.
The fireball engulfs you. You resist.
* * * LOW HITPOINT WARNING * * *
Unknown command.
The hell hog closely misses you.
The hell knight's soul is no longer bound.
The hell knight gestures at you while chanting.
The bolt of fire hits you! You resist.
* * * LOW HITPOINT WARNING * * *
The hell hog breathes fire at you.
The fireball explodes!
The fireball engulfs you but does no damage.
The fireball engulfs the hell hog!
The hell hog resists.
The hell hog bites you but does no damage.
The hell knight points at you and mumbles some strange words.
The bolt of fire hits the hell hog.
The hell hog resists.
The bolt of fire hits you! You resist.
You die...

§..#..≈≈.†.........#
#..≈≈.
#≈.##..≈≈.)....#####
...≈..
#≈§.##.#≈......##.##
#......
#§§##.§≈....§.....##
##.....
#§.......§§≈#≈.≈≈..##
######
#§...≈...§##≈≈§##≈.###
#§..≈≈§..§≈≈§.§§≈≈...#
##≈§§≈#≈.............##
##≈§≈.≈≈§...@h....#####
##≈≈§......###h.Z.##
#≈≈§≈.....####.....##
#≈§......####..≈≈≈..##
#≈...##..###..≈≈##≈h.##..
#≈...##...#..≈#§≈≈≈≈......
#≈≈..##......≈#≈pph∩......
#≈≈†.##.....≈≈≈pp#Z.......
##≈...#......≈§.###......#


You could see 4 hell knights, 3 hell hogs and an anaconda skeleton.

Vanquished Creatures
  A golden dragon (Depths:3)
  A bone dragon (Abyss:2)
  A Tzitzimitl (Depths:3)
  2 Brimstone Fiends
  Rupert (D:14)
  A tentacled monstrosity (Depths:3)
  Jorgrun (D:14)
  2 liches
  A sphinx (Depths:2)
  2 tentacled starspawn (Abyss:2)
  Frances (D:14)
  A storm dragon (Depths:1)
  A shadow dragon (Depths:3)
  3 tengu reavers
  3 fire giants
  3 iron dragons (Depths:3)
  A deep elf sorcerer (Depths:2)
  A balrug (Hell)
  7 frost giants
  A juggernaut zombie (Depths:2)
  2 reapers
  A war gargoyle (Depths:3)
  2 quicksilver oozes (D:15)
  7 very ugly things
  11 stone giants
  A vampire knight (Depths:3)
  A lorocyproca (Depths:3)
  The ghost of ChodeyFoster420 the Executioner, a journeyman MiBe of Trog (D:15)
  Azrael (D:15)
  2 spark wasps (Depths:2)
  7 ettins
  A green death (Depths:3)
  5 fire dragons
  3 great orbs of eyes (Depths:3)
  3 rakshasas
  3 jiangshi
  3 hydras
  A monstrous demonspawn (Depths:3)
  3 quicksilver dragon skeletons
  A vault guard (D:13)
  2 spriggan air magi
  8 ice dragons
  A hell beast (Depths:3)
  Erica (D:8)
  3 boulder beetles (D:15)
  6 centaur warriors
  4 two-headed ogres
  A dancing weapon (D:8)
  8 tengu warriors
  6 deep troll shamans
  5 hell hogs (Geh:3)
  6 death yaks (D:10)
  5 spriggan berserkers
  A titan zombie (Geh:1)
  A vampire mage (Depths:1)
  A deep troll earth mage (Depths:2)
  8 hell knights
  A thrashing horror (Abyss:2)
  Urug (D:11)
  3 soul eaters (Depths:3)
  The ghost of Cheivey the Basher, a novice GrFi of the Shining One (D:8)
  4 spriggans
  A storm dragon zombie (Geh:1)
  5 sun demons
  7 skeletal warriors
  A wretched star (Abyss:2)
  A storm dragon skeleton (Geh:2)
  2 iron trolls
  A golden dragon zombie (Geh:1)
  4 deep trolls
  3 flayed ghosts
  3 glowing orange brains
  An obsidian statue (D:15)
  An orange crystal statue (D:15)
  3 deep elf pyromancers
  5 wizards
  A harpy (shapeshifter) (Depths:3)
  An orc knight (D:12)
  An anaconda skeleton (Geh:3)
  4 necromancers
  An orb spider (Abyss:2)
  26 ugly things
  A stone giant zombie (Geh:1)
  A tengu skeleton (Depths:2)
  A deep elf zephyrmancer (D:14)
  A mana viper (D:15)
  2 manticores
  5 cyclopes
  A sphinx skeleton (Depths:2)
  6 centaur zombies
  An ice statue (D:13)
  10 rust devils
  A water nymph (shapeshifter) (Depths:3)
  8 smoke demons
  An eye of devastation (shapeshifter) (Depths:3)
  4 molten gargoyles (Hell)
  5 hellions
  A yaktaur (D:15)
  5 kobold demonologists
  A gargoyle (D:12)
  An emperor scorpion zombie (Geh:1)
  A freezing wraith (D:15)
  An efreet (D:15)
  An unseen horror (D:13)
  2 tengu conjurers (Depths:1)
  A hellwing (Depths:3)
  3 ice devils (Depths:3)
  A hydra zombie (Geh:2)
  An ancient zyme (Abyss:2)
  A demonic crawler (Depths:3)
  2 tormentors
  4 red devils
  3 trolls (D:12)
  Prince Ribbit (D:6)
  Grinder (D:6)
  A harpy zombie (Geh:1)
  15 slime creatures
  5 hornets
  A fire giant simulacrum (Depths:2)
  A raiju (Abyss:2)
  A harpy skeleton (Geh:1)
  An ettin zombie (Geh:3)
  4 flying skulls (Geh:3)
  3 large abominations (Abyss:2)
  An ettin skeleton (Geh:1)
  2 ynoxinuls (Abyss:2)
  5 shadows
  A water elemental (Depths:3)
  6 wraiths
  A centaur simulacrum (D:14)
  A black mamba zombie (Geh:1)
  3 yaks (D:11)
  A vampire (D:11)
  A wyvern (D:11)
  A basilisk (shapeshifter) (D:15)
  10 humans (D:13)
  2 steam dragons (D:7)
  A neqoxec (Depths:3)
  11 fire elementals
  4 vampire mosquitoes
  A human zombie (Depths:2)
  Edmund (D:4)
  An acid dragon (D:11)
  17 hell hounds
  A water moccasin (D:9)
  A cane toad zombie (Abyss:2)
  Purgy (Sewer)
  A swamp drake (D:12)
  5 necrophages
  A sky beast (D:6)
  A snapping turtle zombie (Geh:1)
  3 black bears
  2 ogres
  11 orc warriors
  The ghost of hatdisgam the Chopper, an amateur DDFi (D:4)
  An ice beast (D:6)
  3 boggarts (D:14)
  8 centaurs
  2 snapping turtle skeletons
  A phantom (D:5)
  4 small abominations (Abyss:2)
  5 kobold brigands
  2 bullfrogs
  2 wyvern zombies
  A gnoll sergeant (D:11)
  2 scorpions (D:7)
  A wyvern skeleton (D:7)
  2 water moccasin zombies (Ossuary)
  5 killer bees
  10 wights
  3 howler monkeys (D:7)
  4 crimson imps
  6 bullfrog zombies
  A hound (D:6)
  A quasit (Abyss:2)
  8 jellies
  14 orc priests
  13 mummies (Ossuary)
  3 centaur skeletons
  A gnoll shaman (D:7)
  Jessica (D:2)
  Ijyb (D:4)
  2 iguanas (D:4)
  15 orc wizards
  5 hell rats
  2 killer bee zombies (Ossuary)
  A hound zombie (D:4)
  A howler monkey zombie (Ossuary)
  16 gnolls
  4 adders
  A white imp (D:6)
  An adder skeleton (D:4)
  A worm (D:3)
  5 dart slugs
  57 orcs
  3 bats
  10 endoplasms
  4 giant cockroaches
  9 hobgoblins
  6 jackals (D:4)
  17 kobolds
  5 quokkas
  7 ball pythons
  8 frilled lizards
  12 goblins
  An orc zombie (Geh:1)
  3 rats
  A bush (D:7)
755 creatures vanquished.

Vanquished Creatures (collateral kills)
  Geryon (Hell)
  An ice dragon (Depths:2)
  A rust devil (Hell)
  2 smoke demons (Hell)
  A hellion (Hell)
6 creatures vanquished.

Vanquished Creatures (others)
  A vault guard (D:13)
  A deep troll earth mage (Depths:2)
  A necromancer (Geh:3)
  A rust devil (Hell)
  An orc wizard (D:3)
  3 bushes (Depths:1)
  A butterfly (Depths:1)
  46 plants
  6 starspawn tentacles (Abyss:2)
  9 withered plants
70 creatures vanquished.

Grand Total: 831 creatures vanquished

Notes
Turn   | Place    | Note
-------+----------+-------------------------------------------
     0 | D:1      | SnakkuSnakku7 the Gargoyle Berserker began the quest for
                  | the Orb.
     0 | D:1      | Reached XP level 1. HP: 14/14 MP: 1/1
   151 | D:1      | Reached skill level 1 in Shields
   178 | D:1      | Reached XP level 2. HP: 16/19 MP: 2/2
   401 | D:1      | Reached ** piety under Trog
   446 | D:1      | Reached XP level 3. HP: 22/23 MP: 3/3
   917 | D:2      | Noticed Jessica
   930 | D:2      | Killed Jessica
   931 | D:2      | Reached XP level 4. HP: 9/28 MP: 4/4
  1668 | D:3      | Found Ecreorit's Book Shoppe.
  1777 | D:3      | Reached XP level 5. HP: 31/32 MP: 5/5
  1792 | D:3      | Found Mega's Jewellery Boutique.
  1830 | D:3      | Found Soth's Jewellery Emporium.
  1909 | D:3      | Found Cynirek's Antique Weapon Emporium.
  1968 | D:3      | Found Fiptyqan's Book Emporium.
  2005 | D:3      | Reached *** piety under Trog
  2100 | D:3      | Found an ancient bone altar of Kikubaaqudgha.
  2106 | D:3      | Reached XP level 6. HP: 37/37 MP: 6/6
  2111 | D:3      | Reached skill level 5 in Axes
  2523 | D:4      | Found a runed translucent gate.
  2525 | D:4      | Found a runed translucent gate.
  2525 | D:4      | Noticed hatdisgam's ghost (amateur DDFi)
  2526 | D:4      | Found a runed translucent gate.
  2544 | D:4      | Found a shimmering blue altar of Sif Muna.
  2683 | D:4      | Found a glowing drain.
  2696 | Sewer    | Entered a sewer
  2766 | Sewer    | Noticed Purgy
  2787 | Sewer    | Killed Purgy
  2788 | Sewer    | Reached XP level 7. HP: 24/41 MP: 7/7
  2828 | Sewer    | Reached **** piety under Trog
  3020 | D:4      | Noticed Edmund
  3041 | D:4      | Killed Edmund
  3060 | D:4      | Found a staircase to the Ecumenical Temple.
  3199 | D:4      | Found a glowing golden altar of the Shining One.
  3445 | D:4      | Noticed Ijyb
  3456 | D:4      | Killed Ijyb
  3637 | D:4      | Killed hatdisgam's ghost
  3638 | D:4      | Reached XP level 8. HP: 46/46 MP: 8/8
  3676 | D:5      | Entered Level 5 of the Dungeon
  3736 | D:5      | Found a sacrificial altar of Ru.
  3736 | D:5      | Found a sparkling altar of Nemelex Xobeh.
  4329 | D:6      | Noticed Prince Ribbit
  4347 | D:6      | Killed Prince Ribbit
  4348 | D:6      | Reached skill level 5 in Fighting
  4348 | D:6      | Reached XP level 9. HP: 39/54 MP: 9/9
  4393 | D:6      | Noticed Grinder
  4402 | D:6      | Killed Grinder
  4665 | D:6      | Reached skill level 10 in Axes
  5627 | D:7      | Reached XP level 10. HP: 39/64 MP: 10/10
  6009 | D:7      | Found a hide-covered altar of Uskayaw.
  6233 | D:8      | Found a sand-covered staircase.
  6240 | Ossuary  | Entered an ossuary
  6355 | Ossuary  | Reached ***** piety under Trog
  6678 | D:8      | Found a runed translucent door.
  6698 | D:8      | Found a shimmering altar of Xom.
  6698 | D:8      | Noticed Cheivey's ghost (novice GrFi)
  6698 | D:8      | Noticed a +1 hand axe of chaos
  6705 | D:8      | Noticed Erica
  6721 | D:8      | Killed Erica
  6722 | D:8      | Reached skill level 5 in Armour
  6794 | D:8      | Identified a scroll of acquirement
  6795 | D:8      | Acquired a +5 broad axe of flaming
  6888 | D:8      | Found an iron altar of Okawaru.
  7377 | D:3      | Bought an amulet of regeneration for 390 gold pieces
  7601 | D:9      | Found Jodghu Mery's Antique Armour Shoppe.
  7636 | D:9      | Noticed a kobold demonologist
  7637 | D:9      | Noticed a kobold demonologist
  7638 | D:9      | Noticed an orange demon
  7651 | D:9      | Noticed a smoke demon
  7667 | D:9      | Noticed a smoke demon
  7673 | D:8      | Killed a kobold demonologist
  7708 | D:8      | Killed a kobold demonologist
  7709 | D:8      | Reached XP level 11. HP: 68/68 MP: 11/11
  8017 | D:9      | Found Bizxeo Lyec's Magic Scroll Emporium.
  8022 | D:9      | Bought a scroll of teleportation for 42 gold pieces
  8121 | D:9      | Found Ampoklam's Weapon Boutique.
  8273 | D:9      | Found an ornate altar of the Wu Jian Council.
  8274 | D:9      | Noticed a two-headed ogre
  8374 | D:9      | Killed a two-headed ogre
  8480 | D:10     | Entered Level 10 of the Dungeon
  8604 | D:10     | Found an opulent altar of Gozag.
  8776 | D:10     | Noticed a death yak
  8778 | D:10     | Found a staircase to the Lair.
  8778 | D:10     | Noticed a death yak
  8778 | D:10     | Noticed a green ugly thing
  8782 | D:10     | Noticed a death yak
  8782 | D:10     | Noticed a death yak
  8783 | D:10     | Noticed a death yak
  8786 | D:10     | Noticed a death yak
  8790 | D:10     | Killed a death yak
  8798 | D:10     | Killed a death yak
  8833 | D:10     | Killed a death yak
  8873 | D:10     | Killed a death yak
  8879 | D:10     | Killed a green ugly thing
  8885 | D:10     | Killed a death yak
  8892 | D:10     | Killed a death yak
  8970 | D:10     | Noticed a two-headed ogre
  8979 | D:10     | Killed a two-headed ogre
  8980 | D:10     | Reached XP level 12. HP: 73/73 MP: 12/12
  9093 | D:10     | Reached skill level 10 in Armour
  9379 | D:11     | Noticed a soul eater
  9398 | D:11     | Found Yrietikh's General Store.
  9413 | D:11     | Bought a scroll of teleportation for 51 gold pieces
  9549 | D:11     | Acquired 527 gold pieces
  9734 | D:11     | Noticed a two-headed ogre
  9749 | D:11     | Killed a two-headed ogre
  9749 | D:11     | Reached ****** piety under Trog
  9806 | D:11     | Noticed Urug
  9821 | D:11     | Killed Urug
 10013 | D:9      | Bought a scroll of enchant weapon for 105 gold pieces
 10242 | D:3      | Bought a +4 ring of protection for 468 gold pieces
 10471 | D:8      | Reached skill level 15 in Axes
 10477 | D:8      | Killed Cheivey's ghost
 10864 | D:12     | Reached XP level 13. HP: 65/78 MP: 13/13
 10881 | D:12     | Received a gift from Trog
 10960 | D:12     | Found a staircase to the Orcish Mines.
 11438 | D:12     | Found a hazy altar of Hepliaklqana.
 11698 | D:13     | Killed a vault guard
 12319 | D:13     | Noticed a vault guard
 12329 | D:13     | Killed a vault guard
 12343 | D:13     | Found a gate to the Vaults.
 12530 | D:14     | Identified the +1 ring mail of the Harp {rF+ Will+}
 12556 | D:14     | Received a gift from Trog
 12600 | D:14     | Noticed Frances
 12629 | D:14     | Gained mutation: Your large and strong wings let you fly.
                  | [Gargoyle growth]
 12629 | D:14     | Reached XP level 14. HP: 84/84 MP: 14/14
 12702 | D:14     | Found an ornate altar of the Wu Jian Council.
 12722 | D:14     | You are sucked into a shaft and drop 1 floor!
 12722 | D:15     | Entered Level 15 of the Dungeon
 12774 | D:15     | Found a staircase to the Depths.
 12857 | D:15     | Noticed Azrael
 12876 | D:15     | Killed Azrael
 12877 | D:15     | Reached skill level 5 in Dodging
 12920 | D:15     | Found a runed translucent gate.
 12930 | D:14     | Noticed Rupert
 12950 | D:14     | Killed Rupert
 12993 | D:14     | Acquired a manual of Fighting
 13116 | D:14     | Killed Frances
 13170 | D:14     | Noticed Jorgrun
 13188 | D:14     | Killed Jorgrun
 13189 | D:14     | Reached skill level 10 in Fighting
 13450 | D:14     | Found a viscous altar of Jiyva.
 13678 | D:15     | Noticed Nessos
 13691 | D:15     | Noticed Nessos
 13691 | D:15     | Nessos changed into Nessos the mana viper
 13698 | D:15     | Killed Nessos the mana viper
 13858 | D:15     | Found a runed translucent gate.
 13859 | D:15     | Found a runed translucent gate.
 13859 | D:15     | Noticed a quicksilver ooze
 13860 | D:15     | Noticed ChodeyFoster420's ghost (journeyman MiBe)
 13860 | D:15     | Noticed a quicksilver ooze
 14053 | D:15     | Found an ancient bone altar of Kikubaaqudgha.
 14067 | D:15     | Reached XP level 15. HP: 92/101 MP: 15/15
 14098 | D:15     | Found a viscous altar of Jiyva.
 14123 | D:15     | Reached skill level 15 in Fighting
 14179 | D:15     | Killed ChodeyFoster420's ghost
 14279 | Depths:1 | Entered Level 1 of the Depths
 14308 | D:15     | Reached skill level 1 in Evocations
 14588 | Depths:1 | Found a stormy altar of Qazlal.
 14601 | Depths:1 | Reached skill level 5 in Evocations
 14604 | Depths:1 | Found a gateway to Hell.
 14658 | Depths:1 | Found a white marble altar of Elyvilon.
 15001 | Depths:1 | Received a gift from Trog
 15017 | Depths:1 | Noticed a fire giant
 15228 | Depths:1 | Killed a fire giant
 15467 | Depths:2 | Reached XP level 16. HP: 83/108 MP: 16/16
 15580 | Depths:2 | Noticed a tengu reaver
 15587 | Depths:2 | Killed a tengu reaver
 15588 | Depths:2 | Reached skill level 10 in Evocations
 15626 | Depths:2 | Noticed a lich
 15709 | Depths:2 | Noticed a tengu reaver
 15721 | Depths:2 | Killed a tengu reaver
 15758 | Depths:2 | Noticed a storm dragon
 15785 | Depths:1 | Killed a storm dragon
 16291 | Depths:2 | Cast into level 2 of the Abyss (a wizard)
 16457 | Abyss:2  | Noticed a bone dragon
 16475 | Abyss:2  | Killed a bone dragon
 16658 | Abyss:2  | Noticed a tentacled starspawn
 16667 | Abyss:2  | Killed a tentacled starspawn
 16676 | Abyss:2  | Noticed a tentacled starspawn
 16697 | Abyss:2  | Killed a tentacled starspawn
 16700 | Abyss:2  | Identified the +8 lajatang "Buthra" {antimagic, *Noise
                  | Will+++ rCorr Str+3} (Trog gifted it to you on level 2 of
                  | the Abyss)
 16700 | Abyss:2  | Received a gift from Trog
 16756 | Depths:2 | Escaped the Abyss
 16866 | Depths:2 | HP: 3/108 [stone giant/large rock (27)]
 16985 | Depths:2 | Reached XP level 17. HP: 63/113 MP: 17/17
 17073 | Depths:2 | Reached skill level 15 in Armour
 17093 | Depths:2 | Killed a lich
 17294 | Depths:2 | Noticed a sphinx
 17311 | Depths:2 | Killed a sphinx
 17889 | Depths:3 | Paralysed by a vampire knight for 7 turns
 17935 | Depths:3 | Gained mutation: You are weak. (Str -2) [a neqoxec]
 17972 | Depths:3 | Found a one-way gate leading to the halls of Pandemonium.
 18019 | Depths:3 | Identified the +7 battleaxe "Ogreslayer" {vorpal, rElec rC-
                  | Will+++ Stlth+} (Trog gifted it to you on level 3 of the
                  | Depths)
 18019 | Depths:3 | Received a gift from Trog
 18471 | Depths:3 | Noticed a lich
 18490 | Depths:3 | Killed a lich
 18825 | Depths:3 | Found a runed translucent door.
 19013 | Depths:3 | Found the +8 longbow "Zephyr" {speed, Dex+3 SInv}
 19018 | Depths:3 | Noticed a tentacled monstrosity
 19018 | Depths:3 | Noticed a golden dragon
 19043 | Depths:3 | Killed a tentacled monstrosity
 19044 | Depths:3 | Reached XP level 18. HP: 114/119 MP: 18/18
 19139 | Depths:3 | Killed a golden dragon
 19210 | Depths:3 | Identified the +7 long sword "Ciavean" {antimagic, rPois
                  | rC- rN+ rCorr}
 19214 | Depths:3 | Acquired a +2 kite shield of poison resistance
 19262 | Depths:3 | Reached skill level 5 in Shields
 19535 | Depths:3 | Found a runed translucent door.
 19678 | Hell     | Entered the Vestibule of Hell
 19678 | Hell     | Noticed Geryon
 20126 | Hell     | Noticed a Tzitzimitl
 20235 | Depths:3 | Killed a Tzitzimitl
 20469 | Hell     | Received a gift from Trog
 20480 | Hell     | Killed Geryon
 20517 | Depths:3 | HP: 4/119 [sun demon[a balrug] (17)]
 20686 | Hell     | Found a gateway to the ashen valley of Gehenna.
 20734 | Geh:1    | Entered Level 1 of Gehenna
 20783 | Geh:1    | Reached skill level 10 in Shields
 20999 | Geh:1    | Noticed a Brimstone Fiend
 21036 | Geh:1    | Noticed a Brimstone Fiend
 21047 | Geh:1    | Killed a Brimstone Fiend
 21113 | Geh:2    | Received a gift from Trog
 21142 | Geh:2    | Noticed a Brimstone Fiend
 21151 | Geh:2    | Killed a Brimstone Fiend
 21233 | Geh:2    | Reached XP level 19. HP: 121/124 MP: 19/19
 21462 | Geh:3    | HP: 5/124 [hell knight/bolt of fire (17)]
 21462 | Geh:3    | Killed from afar by a hell knight

Illustrated notes

Levels and vault maps discovered:
D:1:      ebering_trefoil_twist, layout_basic
D:2:      layout_basic, chequers_big_river, uniq_jessica
D:3:      layout_basic, amcnicky_altar_gilded, serial_shops, shop,
          nicolae_lakefront_shop, shop, shop, shop, minmay_misc_feat_diagonals
D:4:      kennysheep_goblin_castle, layout_basic, mainiacjoe_overflow_24_doors,
          marbit_many_paths, minmay_temple_entry_water_ring,
          gammafunk_ghost_split, portal_sewer_entry_f,
          chequers_serial_rivers_room_a, corexii_leaking_fountain, uniq_edmund
D:5:      layout_basic, amethyst_overflow_temple_binary,
          minmay_misc_feat_pillars
D:6:      layout_gridville, minmay_statues_item, uniq_grinder,
          uniq_prince_ribbit1
D:7:      layout_basic, nicolae_uskayaw_dance_hall, kb_lookout_dungeons_type,
          minmay_small_thing
D:8:      layout_gridville, okawaru_trees_2, ebering_ghost_xom, enter_ossuary_2,
          chequers_decorated_corner, uniq_erica
D:9:      layout_basic, lemuel_tele_altar, serial_shops, nicolae_shop_crystal,
          kennysheep_little_box, shop
D:10:     layout_loops_cross, nicolae_overflow_crystal_walls, dpeg_lair_monsters
D:11:     layout_basic, serial_shops, nicolae_stop_n_shop_1, uniq_urug
D:12:     layout_irregular_city, erik_orc_1, worldfamousw_hep_ancestral_shrine
D:13:     layout_gridville, ximxim_vaults_locker_room, minivault_16
D:14:     layout_loops_ring, basic_altar, hangedman_decor_points, jiyva_altar_1,
          uniq_frances, uniq_jorgrun, uniq_rupert
D:15:     hangedman_depths_entry_civil_slaughter, layout_irregular_city,
          gammafunk_ghost_ooze, kiku_gazebo_garden_becter, minmay_more_statues,
          uniq_azrael, uniq_nessos
Depths:1: layout_honeycomb, hell_entry, nicolae_elyvilon_peaceful_grove,
          st_stairs_6, grunt_qazlal_clouds
Depths:2: nzn_winding_woodlands_cross [nzn_winding_woodlands_5x15_sawtooth,
          nzn_winding_woodlands_5x15_concentric,
          nzn_winding_woodlands_5x15_split_checker,
          nzn_winding_woodlands_5x15_crooked,
          nzn_winding_woodlands_15x15_five_gardens], layout_gridville,
          grunt_hell_entry_dis_grunt, kennysheep_cluttered_room
Depths:3: minmay_the_grid_triangle_9x9_rhombus_full
          [minmay_the_grid_triangle_9x9_tough_junction,
          minmay_the_grid_triangle_9x9_empty,
          minmay_the_grid_triangle_9x9_zippers_vertical,
          minmay_the_grid_triangle_9x9_negative_grid,
          minmay_the_grid_triangle_9x9_steps,
          minmay_the_grid_triangle_9x9_impossible_snake,
          minmay_the_grid_triangle_9x9_longest,
          minmay_the_grid_triangle_9x9_prize_top_heavy], layout_gridville,
          grunt_pan_entry_in_and_out, chequers_serial_rivers_small_3,
          hell_entry, st_stairs_2, grunt_decor_mini_mirrors,
          infiniplex_staircase_split_hallway
Hell
Geh:1:    layout_gehenna_lava_caves
Geh:2:    layout_gehenna_pools_box
Geh:3:    layout_gehenna_lava_caves

Skill      XL: |  1  2  3  4  5  6  7  8  9 10 11 12 13 14 15 16 17 18 19 |
---------------+----------------------------------------------------------+-----
Shields        | 1 2 3 4 12 13 | 13.1
Axes           | 3 4 6 7 9 10 12 13 15 17 18 | 18.0
Fighting       | 5 8 14 15 | 15.3
Armour         | 6 9 10 14 18 | 18.9
Dodging        | 6 |  6.0
Evocations     | 9 10 | 10.0

Action                   |  1- 3 |  4- 6 |  7- 9 | 10-12 | 13-15 | 16-18 | 19-21 || total
-------------------------+-------+-------+-------+-------+-------+-------+-------++-------
Melee: Hand axe          |   101 |   150 |   340 |   228 |       |       |       ||   819
       Broad axe         |       |       |       |   317 |   672 |  1247 |    82 ||  2318
Invok: Berserk           |     3 |     5 |    15 |    22 |    21 |    31 |     1 ||    98
       Trog's Hand       |       |     1 |     1 |     2 |     3 |     6 |     2 ||    15
       Brothers in Arms  |       |       |       |       |       |     3 |       ||     3
Evoke: Wand              |       |       |    10 |       |     3 |       |       ||    13
       Condenser vane    |       |       |       |       |       |     3 |       ||     3
  Use: Scroll            |       |     5 |     5 |    16 |     9 |    17 |       ||    52
       Potion            |       |       |       |       |       |     2 |       ||     2
 Stab: Distracted        |       |       |       |       |       |     2 |       ||     2
Armor: Animal skin       |    37 |       |       |       |       |       |       ||    37
       Ring mail         |       |    41 |       |       |       |       |       ||    41
       Chain mail        |       |    36 |   100 |       |       |       |       ||   136
       Plate armour      |       |       |    78 |   298 |   437 |   947 |    68 ||  1828
Dodge: Dodged            |    58 |    47 |    83 |   116 |   184 |   459 |    34 ||   981
Block: Buckler           |    19 |    25 |    57 |   120 |   150 |   373 |    33 ||   777
